 Dungeon Crawl Stone Soup version 0.23.0-3-gf3c87f2 (webtiles) character file.

Game seed: 6312273007895103540

518 Borgoz the Ducker (level 7, -3/60 HPs)
             Began as a Ghoul Monk on Feb 23, 2019.
             Was a Believer of Dithmenos.
             Killed from afar by an orc wizard (4 damage)
             ... with a puff of flame
             ... on level 4 of the Dungeon.
             The game lasted 00:06:20 (3471 turns).

Borgoz the Ducker (Ghoul Monk)                      Turns: 3471, Time: 00:06:21

Health: -3/60      AC:  5    Str: 20    XL:     7   Next: 21%
Magic:  6/6        EV: 14    Int:  6    God:    Dithmenos [**....]
Gold:   101        SH:  0    Dex: 12    Spells: 6/6 levels left

rFire    + . .     SeeInvis .   w - +0 dagger (speed)
rCold    + + .     Gourm    .   (no shield)
rNeg     + + +     Faith    .   q - +2 robe {rC+ rF+}
rPois    ∞         Spirit   .   (no helmet)
rElec    .         Reflect  .   (no cloak)
rCorr    .         Harm     .   n - +0 pair of gloves
MR       .....                  (no boots)
Stlth    +++.......             (no amulet)
HPRegen  0.00/turn              (no ring)
MPRegen  0.10/turn              (no ring)

@: mighty, rotting, wreathed by umbra
A: rotting body, claws 1, carnivore, cold resistance 1, negative energy
resistance 3, inhibited regeneration, torment resistance, unbreathing
a: Shadow Step, Renounce Religion


You were on level 4 of the Dungeon.
You worshipped Dithmenos.
Dithmenos was pleased with you.
You were not hungry.

You visited 1 branch of the dungeon, and saw 4 of its levels.

You collected 101 gold pieces.

Inventory:

Hand Weapons
 w - a +0 dagger of speed (weapon)
Missiles
 j - 24 poisoned needles
Armour
 e - a +0 leather armour
 n - a +0 pair of gloves (worn)
 q - a +2 robe of resistance (worn)
 B - a +1 robe of the Archmagi
Jewellery
 m - an uncursed ring of fire
Wands
 g - a wand of polymorph (1)
 u - a wand of random effects (20)
 z - a wand of flame (6)
Scrolls
 a - 2 scrolls of enchant armour {unknown}
 b - a scroll of fog {unknown}
 d - 2 scrolls of teleportation {unknown}
 h - 2 scrolls of blinking {unknown}
 i - a scroll of identify {unknown}
 o - 2 scrolls of enchant weapon {unknown}
 x - a scroll of fear {unknown}
 y - a scroll of random uselessness {unknown}
 A - a scroll of remove curse {unknown}
Potions
 f - a potion of magic
 l - a potion of berserk rage {unknown}
 p - 2 potions of might
 t - a potion of degeneration {unknown}
 v - a potion of lignification {unknown}
Comestibles
 c - 6 rations


   Skills:
 + Level 4.5 Fighting
 * Level 4.6 Short Blades
 - Level 1.1 Armour
 * Level 4.6 Dodging
 + Level 4.0 Stealth


You had 6 spell levels left.
You didn't know any spells.
Your spell library contained the following spells:

 Spells                   Type           Power        Failure   Level  Hunger
 Animate Skeleton         Necr           N/A          45%         1    ##.....
 Apportation              Tloc           #.....       45%         1    ##.....
 Confusing Touch          Hex            #.....       45%         1    ##.....
 Summon Small Mammal      Summ           #...         45%         1    ##.....


Dungeon Overview and Level Annotations

Branches:
Dungeon (4/15)
 Temple: D:4-7

Altars:
Dithmenos
Kikubaaqudgha
Makhleb
Qazlal
Sif Muna
Wu Jian


Innate Abilities, Weirdness & Mutations

Your body is rotting away.
You thrive on raw meat.
You are immune to poison.
You have sharp fingernails.
You are carnivorous and can eat meat at any time.
Your flesh is cold resistant. (rC+)
You are immune to negative energy. (rN+++)
You do not regenerate when monsters are visible.
You are immune to unholy pain and torment.
You can survive without breathing.


Message History

* * * LOW HITPOINT WARNING * * *
The orc wizard miscasts a cantrip.
The orc wizard hits you with a +1 dagger of draining.
* * * LOW HITPOINT WARNING * * *
You puncture the orc wizard!
You kill the orc wizard!
Dithmenos accepts your kill.
You hit the orc wizard.
The orc wizard is moderately wounded.
The orc wizard closely misses you. The orc wizard barely misses you.
You hit the orc wizard.
The orc wizard is heavily wounded.
The orc wizard casts a spell at you. The puff of frost hits you. You resist.
* * * LOW HITPOINT WARNING * * *
You hit the orc wizard.
The orc wizard is severely wounded.
The orc wizard casts a spell at you. The puff of flame hits you. You resist.
You die...

#...###.....#
...#?#......
##..###....##
...........## ##
............
##..###.#..?......
#.....oo#.........
#)@.........#
###.........#
#....#..#.#
#####..#....#
#..#..####.... ####
#............... .#.
#............... ..
##.............. #.
#####..........####.


You could see 2 orc wizards.

Vanquished Creatures
  A hungry ghost (D:4)
  An orc priest (D:4)
  An iguana (D:4)
  3 orc wizards (D:4)
  A centaur skeleton (D:4)
  Jessica (D:2)
  Terence (D:3)
  A worker ant (D:4)
  A gnoll (D:1)
  7 adders
  An ooze (D:3)
  2 worms (D:3)
  3 leopard geckos
  6 orcs (D:4)
  A ball python (D:1)
  7 bats
  2 giant cockroaches
  2 goblins
  7 hobgoblins
  3 jackals (D:1)
  A quokka (D:3)
  6 frilled lizards
  7 kobolds
  A leopard gecko skeleton (D:4)
  7 rats
74 creatures vanquished.

Notes
Turn   | Place    | Note
-------+----------+-------------------------------------------
     0 | D:1      | Borgoz the Ghoul Monk began the quest for the Orb.
     0 | D:1      | Reached XP level 1. HP: 19/19 MP: 0/0
   202 | D:1      | Reached XP level 2. HP: 21/26 MP: 1/1
   328 | D:1      | Reached XP level 3. HP: 22/31 MP: 2/2
   861 | D:2      | Reached skill level 1 in Armour
   941 | D:2      | Found a stormy altar of Qazlal.
   944 | D:2      | Found an ornate altar of the Wu Jian Council.
   944 | D:2      | Found a burning altar of Makhleb.
   955 | D:2      | Found a deep blue altar of Sif Muna.
   959 | D:2      | Found a shadowy altar of Dithmenos.
  1100 | D:2      | Became a worshipper of Dithmenos the Shadowed
  1100 | D:2      | Reached * piety under Dithmenos
  1100 | D:2      | Reached ** piety under Dithmenos
  1212 | D:2      | Noticed Jessica
  1215 | D:2      | Killed Jessica
  1215 | D:2      | Reached XP level 4. HP: 35/35 MP: 3/3
  1303 | D:2      | Found a faded altar of an unknown god.
  1343 | D:2      | Found an ancient bone altar of Kikubaaqudgha.
  1673 | D:3      | Noticed Terence
  1699 | D:3      | Killed Terence
  1699 | D:3      | Reached XP level 5. HP: 6/42 MP: 4/4
  2734 | D:4      | Noticed a hungry ghost
  2770 | D:4      | Killed a hungry ghost
  2770 | D:4      | Reached XP level 6. HP: 47/51 MP: 5/5
  3168 | D:4      | Reached XP level 7. HP: 36/60 MP: 6/6
  3211 | D:4      | Found an ornate altar of the Wu Jian Council.
  3467 | D:4      | HP: 3/60 [orc wizard/+1 dagger of draining (1)]
  3470 | D:4      | HP: 1/60 [orc wizard/puff of frost (2)]
  3471 | D:4      | Killed from afar by an orc wizard

Skill      XL: |  1  2  3  4  5  6  7 |
---------------+----------------------+-----
Short Blades   | 3 4 |  4.6
Dodging        | 3 4 |  4.6
Armour         | 1 |  1.1
Stealth        | 3 4 |  4.0
Fighting       | 4 |  4.5

Action                   |  1- 3 |  4- 6 |  7- 9 || total
-------------------------+-------+-------+-------++-------
Melee: Short sword       |   118 |    65 |       ||   183
       Dagger            |       |   189 |    60 ||   249
Evoke: Wand              |       |     2 |       ||     2
  Use: Potion            |       |     4 |     5 ||     9
 Stab: Sleeping          |     5 |     9 |       ||    14
       Invisible         |       |     2 |       ||     2
  Eat: Chunk             |     9 |     9 |       ||    18
Armor: Robe              |     7 |    39 |     8 ||    54
       Leather armour    |    15 |       |       ||    15
Dodge: Dodged            |    70 |   123 |    20 ||   213
